 Dungeon Crawl Stone Soup version 0.26-a0-753-g4680b4fa2e (webtiles) character file.

Game seed: 5187964012364700219

(classic levelgen) 17257 EnegeticOcto the Summoner (level 12, -14/91 HPs)
             Began as a Gnoll Summoner on Nov 7, 2020.
             Was a Priest of Ashenzari.
             Killed from afar by a frost giant (41 damage)
             ... with a bolt of cold
             ... in an ice cave.
             The game lasted 00:38:56 (16072 turns).

EnegeticOcto the Summoner (Gnoll Summoner)         Turns: 16072, Time: 00:38:56

Health: -14/91     AC: 14    Str: 14    XL:     12   Next: 46%
Magic:  19/34      EV: 12    Int: 25    God:    Ashenzari [***...]
Gold:   291        SH: 10    Dex: 15    Spells: 15/29 levels left

rFire    x . .     SeeInvis +   N - +2 spear (pain)
rCold    . . .     Faith    .   L - +0 kite shield
rNeg     . . .     Spirit   .   y - +3 scale mail (curse)
rPois    .         Reflect  .   (no helmet)
rElec    +         Harm     .   (no cloak)
rCorr    .         Rampage  .   (no gloves)
MR       .....                  E - +2 pair of boots (curse)
Stlth    +++.......             (no amulet)
HPRegen  0.25/turn              J - ring "Pucw" {Wiz +Inv rElec rF- Int+5} (curse)
MPRegen  0.24/turn              P - ring of magical power

@: no status effects
A: distributed training, fangs 1, strong nose
a: Curse Item, Scrying, Renounce Religion, Evoke Invisibility


You were in an ice cave.
You worshipped Ashenzari.
Ashenzari was most pleased with you.
You visited 2 branches of the dungeon, and saw 11 of its levels.
You also visited: Ice Cave.

You collected 890 gold pieces.
You spent 599 gold pieces at shops.

Inventory:

Hand Weapons
 a - a +2 morningstar of holy wrath
 h - a +3 vorpal halberd
 N - a +2 spear of pain (weapon)
 O - a +0 vampiric dagger
Missiles
 d - 6 javelins
 e - 260 stones
 r - 14 poisoned darts (quivered)
 w - 19 boomerangs
 x - 6 throwing nets {!f}
Armour
 y - a cursed +3 scale mail (worn)
 E - a cursed +2 pair of boots (worn)
 L - a +0 kite shield (worn)
Jewellery
 J - the cursed ring "Pucw" (left hand) {Wiz +Inv rElec rF- Int+5}

   [ring of wizardry]

   It improves your spell success rate.
   It affects your intelligence (+5).
   It makes you vulnerable to fire.
   It insulates you from electricity.
   It lets you turn invisible.
   It has a curse placed upon it.
 P - a ring of magical power (right hand)
Wands
 s - a wand of disintegration (7)
 B - a wand of polymorph (5)
 H - a wand of iceblast (21) {@v2}
 Q - a wand of paralysis (14)
 R - a wand of enslavement (6)
Scrolls
 b - a scroll of remove curse {@r2}
 c - 3 scrolls of blinking {@r4}
 k - a scroll of immolation
 n - 6 scrolls of magic mapping {@r5 !r}
 q - 7 scrolls of teleportation {@r3 !r}
 v - 4 scrolls of amnesia
 C - a scroll of random uselessness {unknown}
 I - a scroll of fog {unknown}
 K - a scroll of enchant weapon
 S - a scroll of summoning {unknown}
Potions
 f - 2 potions of mutation
 g - 2 potions of heal wounds {unknown}
 i - 4 potions of haste {@q4 !q}
 j - 2 potions of invisibility {unknown}
 l - 4 potions of brilliance
 m - 5 potions of curing {@q1 !q}
 o - a potion of resistance {unknown}
 p - 4 potions of berserk rage
 t - a potion of cancellation {unknown}
 u - a potion of might {unknown}
 z - 3 potions of degeneration {unknown}
 A - a potion of ambrosia {unknown}
 D - 3 potions of flight {unknown}
 F - 2 potions of attraction {unknown}
 M - a potion of lignification {unknown}


   Skills:
 + Level 7.3 Fighting
 + Level 7.3 Short Blades
 + Level 7.3 Long Blades
 + Level 7.3 Axes
 + Level 7.3 Maces & Flails
 + Level 7.3 Polearms
 + Level 7.3 Staves
 + Level 7.3 Slings
 + Level 7.3 Bows
 + Level 7.3 Crossbows
 + Level 7.3 Throwing
 + Level 7.3 Armour
 + Level 8.7 Dodging
 + Level 8.5 Stealth
 + Level 7.3 Shields
 + Level 7.3 Unarmed Combat
 + Level 9.0 Spellcasting
 + Level 6.0 Conjurations
 + Level 6.0 Hexes
 + Level 9.4 Summonings
 + Level 6.0 Necromancy
 + Level 6.0 Translocations
 + Level 6.0 Transmutations
 + Level 6.0 Fire Magic
 + Level 6.0 Ice Magic
 + Level 6.0 Air Magic
 + Level 6.0 Earth Magic
 + Level 6.0 Poison Magic
 + Level 8.0 Invocations
 + Level 7.3 Evocations


You had 15 spell levels left.
You knew the following spells:

 Your Spells              Type           Power        Failure   Level
a - Call Imp              Summ           ######..     1%          2
b - Summon Ice Beast      Ice/Summ       ######..     9%          4
c - Call Canine Familiar  Summ           ######..     1%          3
d - Summon Lightning Spi  Summ/Air       ######..     9%          4
e - Summon Small Mammal   Summ           ####         1%          1

Your spell library contained the following spells:

 Spells                   Type           Power        Failure   Level
 Summon Guardian Golem    Hex/Summ       ######..     2%          3
 Haunt                    Necr/Summ      ######....   99%         7
 Borgnjor's Revivificati  Necr           #####.....   100%        8
 Infestation              Necr           #####.....   100%        8
 Necromutation            Tmut/Necr      #####.....   100%        8
 Death's Door             Necr           #####.....   100%        9


Dungeon Overview and Level Annotations

Branches:
Dungeon (10/15)            Temple (0/1) D:7            Lair (1/6) D:8
  IceCv (1/1)
    Orc: D:9-12

Altars:
Ashenzari
Nemelex Xobeh
Okawaru

Shops:
D:4 =   D:8 ?   D:9 }

Annotations:
D:6 3 runed translucent doors, exclusion: 3 doors, triki's ghost, novice GnEn
D:7 2 transporters, brujo666's ghost, novice GnWn
D:10 2 exclusions


Innate Abilities, Weirdness & Mutations

Your experience applies equally to all skills.
You have very sharp teeth.
Your uncanny sense of smell can sniff out nearby items.


Message History

Your lightning spire completely resists.
The frost giant barely misses your lightning spire.
The frost giant hits your ice beast with a +2 battleaxe of freezing!!
Attack whom?
Press: ? - help, Dir - move target cursor, f/p - frost giant
Aim: a frost giant, wielding a +2 battleaxe of freezing and wearing an uncursed ring of protection from cold (severely wounded)
You reach to attack!
You catch the helpless frost giant completely off-guard!
You hit the frost giant but do no damage.
The frost giant writhes in agony.
The frost giant is severely wounded.
Attack whom?
Press: ? - help, Dir - move target cursor, f/p - frost giant
Aim: a frost giant, wielding a +2 battleaxe of freezing and wearing an uncursed ring of protection from cold (severely wounded)
You could not reach far enough!
The frost giant hits your ice beast with a +2 battleaxe of freezing.
The frost giant hits your lightning spire with a +2 battleaxe of freezing.
Your ice beast hits the frost giant but does no damage.
Your lightning spire shoots out a bolt of lightning at the frost giant!
The bolt of electricity hits the frost giant! x2
The bolt of electricity hits your lightning spire.
Your lightning spire completely resists.
The bolt of electricity hits your lightning spire.
Your lightning spire completely resists.
Attack whom?
Press: ? - help, Dir - move target cursor, f/p - frost giant
Aim: a frost giant, wielding a +2 battleaxe of freezing and wearing an uncursed ring of protection from cold (almost dead)
You could not reach far enough!
Your ice beast hits the frost giant.
Your ice beast freezes the frost giant.
The frost giant completely resists.
The frost giant points at your lightning spire and mumbles some strange words.
The bolt of cold hits your lightning spire!
Your lightning spire resists.
Attack whom?
Press: ? - help, Dir - move target cursor, f/p - frost giant
Aim: a frost giant, wielding a +2 battleaxe of freezing and wearing an uncursed ring of protection from cold (almost dead)
You could not reach far enough!
Your ice beast hits the frost giant but does no damage.
Attack whom?
Press: ? - help, Dir - move target cursor, f/p - frost giant
Aim: a frost giant, wielding a +2 battleaxe of freezing and wearing an uncursed ring of protection from cold (almost dead)
You reach to attack!
You catch the helpless frost giant completely off-guard!
You puncture the frost giant!
The frost giant is almost dead.
The frost giant gestures at you while chanting.
The bolt of cold hits your ice beast.
Your ice beast completely resists.
The bolt of cold hits you!!
Your ice beast hits the frost giant but does no damage.
Attack whom?
Press: ? - help, Dir - move target cursor, f/p - frost giant
Aim: a frost giant, wielding a +2 battleaxe of freezing and wearing an uncursed ring of protection from cold (almost dead)
You reach to attack!
You hit the frost giant but do no damage.
The frost giant is almost dead.
The frost giant casts a spell at you. The bolt of cold hits your ice beast.
Your ice beast completely resists.
The bolt of cold hits you!!!
* * * LOW HITPOINT WARNING * * *
Okay, then.
Unknown command.
You swap places.
You swap places.
You see here a polar bear skeleton.
Your ice beast hits the frost giant but does no damage.
The frost giant hits your ice beast with a +2 battleaxe of freezing!
Really quaff
m - 8 potions of curing {@q1 !q}?
You feel better.
Your ice beast barely misses the frost giant.
The frost giant gestures at you while chanting.
The bolt of cold hits your ice beast.
Your ice beast completely resists.
The bolt of cold hits your ice beast.
Your ice beast completely resists.
The bolt of cold misses you.
Really quaff
m - 7 potions of curing {@q1 !q}?
You feel better.
Your ice beast disappears in a puff of smoke!
The frost giant hits your ice beast with a +2 battleaxe of freezing!!
Really quaff
m - 6 potions of curing {@q1 !q}?
You feel better.
Your ice beast hits the frost giant.
Your ice beast freezes the frost giant.
The frost giant completely resists.
Evoke which item? (* to show all) (? for menu, Esc to quit)
Okay, then.
Evoke which item? (* to show all) (? for menu, Esc to quit)
Aiming: Iceblast
Press: ? - help, Shift-Dir - straight line, f/p - frost giant
Aim: a frost giant, wielding a +2 battleaxe of freezing and wearing an uncursed ring of protection from cold (almost dead) Really fire at your ice beast?
The mass of ice explodes!
The iceblast engulfs your ice beast!
Your ice beast partially resists.
Your ice beast is severely wounded.
The iceblast engulfs the frost giant.
The frost giant partially resists.
The frost giant is almost dead.
Your ice beast disappears in a puff of smoke!
You hear a bellow!
The frost giant casts a spell at you. The bolt of cold hits you!!!
You die...

##.######≈≈#####...#[∆*
#.#.###≈#≈###8#....#$|
##.#.##≈≈≈###C#..C...#
####.#≈≈###.#..#.#.#.
#..##≈≈#C##.######.
##..###≈##§########.*
#....##≈###.#..###.{
##.....##≈#.÷#.÷.#.∩.,*
#...#..##≈#.÷@##.##..
##..###..#≈#.⌠###..##.
#..#####.####..###.##.
#.######..#≈#####..##{
#.## ###..##≈≈##..###{
##.# ###..#≈≈#...#."#*
##.#*≈≈###.#≈##...#?##
#..#*≈###..#≈##..#####
#.##*≈≈##..###...####≈*


You could see a frost giant.

Vanquished Creatures
  A two-headed ogre (D:8)
  3 death yaks
  A death knight (D:10)
  2 unseen horrors (D:10)
  A centaur zombie (D:10)
  7 polar bears (IceCv)
  A hornet (D:8)
  Sigmund (D:3)
  15 yaks
  Duvessa (D:5)
  2 water moccasins
  2 orc warriors
  3 sky beasts
  A black bear (D:6)
  A necrophage (D:6)
  8 wolves
  A phantom (D:9)
  An ogre (D:4)
  2 centaurs
  3 bullfrogs
  4 gnoll sergeants (D:9)
  4 scorpions
  3 killer bees (D:8)
  4 howler monkeys
  A bullfrog skeleton (D:8)
  A bullfrog zombie (D:9)
  5 hounds
  2 jellies
  4 orc wizards
  A gnoll shaman (D:7)
  3 orc priests
  A centaur skeleton (D:8)
  3 iguanas
  5 worker ants
  A worker ant zombie (D:7)
  A howler monkey skeleton (D:9)
  23 gnolls
  8 adders
  A shadow imp (D:6)
  12 white imps
  2 oozes
  An adder skeleton (D:7)
  A dart slug (D:1)
  5 leopard geckos
  28 orcs
  2 bats (D:3)
  6 goblins
  3 hobgoblins (D:2)
  13 jackals
  6 kobolds
  7 quokkas
  A ball python (D:2)
  5 frilled lizards
  A jackal zombie (D:5)
  A leopard gecko skeleton (D:4)
  9 rats
235 creatures vanquished.

Vanquished Creatures (collateral kills)
  A centaur warrior (D:10)
  2 two-headed ogres
  2 death yaks
  A cyclops (D:10)
  An ice statue (IceCv)
  A kobold demonologist (D:10)
  A troll (D:10)
  7 polar bears (IceCv)
  14 yaks
  Grum (D:10)
  Eustachio (D:6)
  Edmund (D:4)
  A sky beast (D:8)
  An orc warrior (D:9)
  An ice beast (D:10)
  4 ogres
  11 wolves
  Blork the orc (D:4)
  5 bullfrogs
  2 gnoll sergeants
  Dowan (D:5)
  3 killer bees (D:8)
  A hound (D:9)
  2 orc wizards
  2 gnoll shamans (D:9)
  A centaur skeleton (D:8)
  A worker ant (D:3)
  2 nameless horrors
  A hound skeleton (D:7)
  12 gnolls
  An adder (D:4)
  A white imp (D:8)
  A dart slug (D:1)
  2 leopard geckos (D:1)
  18 orcs
  A giant cockroach (D:4)
  2 goblins
  2 jackals
  A kobold (D:1)
  2 quokkas
  2 bats (D:1)
118 creatures vanquished.

Vanquished Creatures (others)
  An ufetubus (D:10)
  A fungus (Lair:1)
  4 plants
6 creatures vanquished.

Grand Total: 359 creatures vanquished

Notes
Turn   | Place    | Note
-------+----------+-------------------------------------------
     0 | D:1      | EnegeticOcto the Gnoll Summoner began the quest for the
                  | Orb.
     0 | D:1      | Reached XP level 1. HP: 13/13 MP: 6/6
   325 | D:1      | Reached XP level 2. HP: 19/19 MP: 5/7
   799 | D:1      | Reached XP level 3. HP: 25/25 MP: 9/9
   862 | D:1      | Reached skill level 5 in Spellcasting
   881 | D:1      | Learned a level 2 spell: Call Imp
   885 | D:1      | Learned a level 3 spell: Call Canine Familiar
   992 | D:2      | Found a faded altar of an unknown god.
   999 | D:2      | Became a worshipper of Ashenzari the Shackled
   999 | D:2      | Reached * piety under Ashenzari
  1128 | D:2      | Reached skill level 1 in Invocations
  1689 | D:3      | Reached skill level 1 in Fighting
  1689 | D:3      | Reached skill level 1 in Short Blades
  1689 | D:3      | Reached skill level 1 in Long Blades
  1689 | D:3      | Reached skill level 1 in Axes
  1689 | D:3      | Reached skill level 1 in Maces & Flails
  1689 | D:3      | Reached skill level 1 in Polearms
  1689 | D:3      | Reached skill level 1 in Staves
  1689 | D:3      | Reached skill level 1 in Slings
  1689 | D:3      | Reached skill level 1 in Bows
  1689 | D:3      | Reached skill level 1 in Crossbows
  1689 | D:3      | Reached skill level 1 in Throwing
  1689 | D:3      | Reached skill level 1 in Armour
  1689 | D:3      | Reached skill level 1 in Shields
  1689 | D:3      | Reached skill level 1 in Unarmed Combat
  1689 | D:3      | Reached skill level 1 in Evocations
  1779 | D:3      | Reached XP level 4. HP: 25/32 MP: 7/11
  1782 | D:3      | Reached skill level 1 in Conjurations
  1782 | D:3      | Reached skill level 1 in Hexes
  1782 | D:3      | Reached skill level 1 in Necromancy
  1782 | D:3      | Reached skill level 1 in Translocations
  1782 | D:3      | Reached skill level 1 in Transmutations
  1782 | D:3      | Reached skill level 1 in Fire Magic
  1782 | D:3      | Reached skill level 1 in Ice Magic
  1782 | D:3      | Reached skill level 1 in Air Magic
  1782 | D:3      | Reached skill level 1 in Earth Magic
  1782 | D:3      | Reached skill level 1 in Poison Magic
  2207 | D:3      | Reached XP level 5. HP: 33/37 MP: 8/12
  2407 | D:3      | Noticed Sigmund
  2412 | D:3      | Killed Sigmund
  2412 | D:3      | Reached skill level 2 in Invocations
  2412 | D:3      | Reached XP level 6. HP: 30/44 MP: 9/13
  2796 | D:3      | Learned a level 4 spell: Summon Lightning Spire
  2801 | D:3      | Learned a level 4 spell: Summon Ice Beast
  2841 | D:4      | Noticed Edmund
  2861 | D:3      | Reached skill level 5 in Dodging
  3063 | D:3      | Reached skill level 2 in Fighting
  3063 | D:3      | Reached skill level 2 in Short Blades
  3063 | D:3      | Reached skill level 2 in Long Blades
  3063 | D:3      | Reached skill level 2 in Axes
  3063 | D:3      | Reached skill level 2 in Maces & Flails
  3063 | D:3      | Reached skill level 2 in Polearms
  3063 | D:3      | Reached skill level 2 in Staves
  3063 | D:3      | Reached skill level 2 in Slings
  3063 | D:3      | Reached skill level 2 in Bows
  3063 | D:3      | Reached skill level 2 in Crossbows
  3063 | D:3      | Reached skill level 2 in Throwing
  3063 | D:3      | Reached skill level 2 in Armour
  3063 | D:3      | Reached skill level 2 in Shields
  3063 | D:3      | Reached skill level 2 in Unarmed Combat
  3063 | D:3      | Reached skill level 2 in Evocations
  3219 | D:4      | Reached ** piety under Ashenzari
  3292 | D:4      | Found Byosut's Jewellery Emporium.
  3341 | D:4      | Killed Edmund
  3341 | D:4      | Reached XP level 7. HP: 50/50 MP: 4/15
  3385 | D:4      | Noticed Blork the orc
  3393 | D:4      | Killed Blork the orc
  3578 | D:4      | Reached skill level 2 in Conjurations
  3578 | D:4      | Reached skill level 2 in Hexes
  3578 | D:4      | Reached skill level 2 in Necromancy
  3578 | D:4      | Reached skill level 2 in Translocations
  3578 | D:4      | Reached skill level 2 in Transmutations
  3578 | D:4      | Reached skill level 2 in Fire Magic
  3578 | D:4      | Reached skill level 2 in Ice Magic
  3578 | D:4      | Reached skill level 2 in Air Magic
  3578 | D:4      | Reached skill level 2 in Earth Magic
  3578 | D:4      | Reached skill level 2 in Poison Magic
  3963 | D:5      | Entered Level 5 of the Dungeon
  4046 | D:5      | Noticed Duvessa
  4052 | D:5      | Noticed Dowan
  4055 | D:5      | Killed Duvessa
  4055 | D:5      | Reached skill level 5 in Stealth
  4069 | D:5      | Killed Dowan
  4069 | D:5      | Reached skill level 3 in Invocations
  4232 | D:5      | Found a sparkling altar of Nemelex Xobeh.
  4326 | D:5      | Reached XP level 8. HP: 57/57 MP: 16/16
  4644 | D:6      | Reached skill level 3 in Fighting
  4644 | D:6      | Reached skill level 3 in Short Blades
  4644 | D:6      | Reached skill level 3 in Long Blades
  4644 | D:6      | Reached skill level 3 in Axes
  4644 | D:6      | Reached skill level 3 in Maces & Flails
  4644 | D:6      | Reached skill level 3 in Polearms
  4644 | D:6      | Reached skill level 3 in Staves
  4644 | D:6      | Reached skill level 3 in Slings
  4644 | D:6      | Reached skill level 3 in Bows
  4644 | D:6      | Reached skill level 3 in Crossbows
  4644 | D:6      | Reached skill level 3 in Throwing
  4644 | D:6      | Reached skill level 3 in Armour
  4644 | D:6      | Reached skill level 3 in Shields
  4644 | D:6      | Reached skill level 3 in Unarmed Combat
  4644 | D:6      | Reached skill level 3 in Evocations
  4694 | D:6      | Reached skill level 6 in Spellcasting
  4806 | D:6      | Found a runed translucent gate.
  4807 | D:6      | Found a runed translucent gate.
  4809 | D:6      | Found a runed translucent gate.
  4810 | D:6      | Identified the +6 whip of Exquisite Death {drain, rPois rF-
                  | rN+++ Str-5}
  4811 | D:6      | Noticed triki's ghost (novice GnEn)
  4812 | D:6      | Noticed a kobold demonologist
  4856 | D:6      | Noticed Eustachio
  4884 | D:6      | Killed Eustachio
  5705 | D:6      | Found an iron altar of Okawaru.
  5731 | D:6      | Reached skill level 3 in Conjurations
  5731 | D:6      | Reached skill level 3 in Hexes
  5731 | D:6      | Reached skill level 3 in Necromancy
  5731 | D:6      | Reached skill level 3 in Translocations
  5731 | D:6      | Reached skill level 3 in Transmutations
  5731 | D:6      | Reached skill level 3 in Fire Magic
  5731 | D:6      | Reached skill level 3 in Ice Magic
  5731 | D:6      | Reached skill level 3 in Air Magic
  5731 | D:6      | Reached skill level 3 in Earth Magic
  5731 | D:6      | Reached skill level 3 in Poison Magic
  5731 | D:6      | Reached skill level 4 in Invocations
  5901 | D:6      | Reached skill level 6 in Dodging
  6006 | D:7      | Reached XP level 9. HP: 64/64 MP: 18/18
  6121 | D:7      | Found a transporter.
  6154 | D:7      | Noticed brujo666's ghost (novice GnWn)
  6162 | D:7      | Reached *** piety under Ashenzari
  6200 | D:7      | Found a staircase to the Ecumenical Temple.
  6238 | D:7      | Reached skill level 4 in Fighting
  6238 | D:7      | Reached skill level 4 in Short Blades
  6238 | D:7      | Reached skill level 4 in Long Blades
  6238 | D:7      | Reached skill level 4 in Axes
  6238 | D:7      | Reached skill level 4 in Maces & Flails
  6238 | D:7      | Reached skill level 4 in Polearms
  6238 | D:7      | Reached skill level 4 in Staves
  6238 | D:7      | Reached skill level 4 in Slings
  6238 | D:7      | Reached skill level 4 in Bows
  6238 | D:7      | Reached skill level 4 in Crossbows
  6238 | D:7      | Reached skill level 4 in Throwing
  6238 | D:7      | Reached skill level 4 in Armour
  6238 | D:7      | Reached skill level 4 in Shields
  6238 | D:7      | Reached skill level 4 in Unarmed Combat
  6238 | D:7      | Reached skill level 4 in Evocations
  6379 | D:7      | Found a transporter.
  6426 | D:7      | HP: 2/64 [orc warrior/+0 dire flail (24)]
  7017 | D:8      | Reached skill level 6 in Stealth
  7017 | D:8      | Reached skill level 8 in Summonings
  7137 | D:8      | Noticed a two-headed ogre
  7152 | D:8      | Killed a two-headed ogre
  7234 | D:8      | Reached skill level 5 in Invocations
  7501 | D:8      | Noticed a hornet
  7507 | D:8      | Killed a hornet
  7507 | D:8      | Reached skill level 7 in Spellcasting
  7524 | D:8      | Reached XP level 10. HP: 50/72 MP: 15/20
  7535 | D:8      | Reached skill level 4 in Conjurations
  7535 | D:8      | Reached skill level 4 in Hexes
  7535 | D:8      | Reached skill level 4 in Necromancy
  7535 | D:8      | Reached skill level 4 in Translocations
  7535 | D:8      | Reached skill level 4 in Transmutations
  7535 | D:8      | Reached skill level 4 in Fire Magic
  7535 | D:8      | Reached skill level 4 in Ice Magic
  7535 | D:8      | Reached skill level 4 in Air Magic
  7535 | D:8      | Reached skill level 4 in Earth Magic
  7535 | D:8      | Reached skill level 4 in Poison Magic
  7739 | D:8      | Noticed a two-headed ogre
  7749 | D:8      | Killed a two-headed ogre
  7749 | D:8      | Reached skill level 5 in Fighting
  7749 | D:8      | Reached skill level 5 in Short Blades
  7749 | D:8      | Reached skill level 5 in Long Blades
  7749 | D:8      | Reached skill level 5 in Axes
  7749 | D:8      | Reached skill level 5 in Maces & Flails
  7749 | D:8      | Reached skill level 5 in Polearms
  7749 | D:8      | Reached skill level 5 in Staves
  7749 | D:8      | Reached skill level 5 in Slings
  7749 | D:8      | Reached skill level 5 in Bows
  7749 | D:8      | Reached skill level 5 in Crossbows
  7749 | D:8      | Reached skill level 5 in Throwing
  7749 | D:8      | Reached skill level 5 in Armour
  7749 | D:8      | Reached skill level 5 in Shields
  7749 | D:8      | Reached skill level 5 in Unarmed Combat
  7749 | D:8      | Reached skill level 5 in Evocations
  7833 | D:8      | Found a staircase to the Lair.
  7833 | D:8      | Noticed a death yak
  7836 | D:8      | Noticed a death yak
  7852 | D:8      | Noticed a death yak
  8209 | D:7      | Killed a death yak
  8209 | D:7      | Reached skill level 7 in Dodging
  8475 | D:8      | Found Duquraergh's Magic Scroll Shoppe.
  8530 | D:8      | Killed a death yak
  8535 | D:8      | Killed a death yak
  8535 | D:8      | Reached skill level 7 in Stealth
  8535 | D:8      | Reached skill level 6 in Invocations
  8945 | D:4      | Bought the ring "Pucw" {Wiz +Inv rElec rF- Int+5} for 599
                  | gold pieces
  9213 | D:9      | Reached XP level 11. HP: 55/80 MP: 17/22
  9656 | D:9      | Reached skill level 6 in Fighting
  9656 | D:9      | Reached skill level 6 in Short Blades
  9656 | D:9      | Reached skill level 6 in Long Blades
  9656 | D:9      | Reached skill level 6 in Axes
  9656 | D:9      | Reached skill level 6 in Maces & Flails
  9656 | D:9      | Reached skill level 6 in Polearms
  9656 | D:9      | Reached skill level 6 in Staves
  9656 | D:9      | Reached skill level 6 in Slings
  9656 | D:9      | Reached skill level 6 in Bows
  9656 | D:9      | Reached skill level 6 in Crossbows
  9656 | D:9      | Reached skill level 6 in Throwing
  9656 | D:9      | Reached skill level 6 in Armour
  9656 | D:9      | Reached skill level 6 in Shields
  9656 | D:9      | Reached skill level 6 in Unarmed Combat
  9656 | D:9      | Reached skill level 6 in Evocations
  9903 | D:9      | Reached **** piety under Ashenzari
  9970 | D:9      | Reached skill level 5 in Conjurations
  9970 | D:9      | Reached skill level 5 in Hexes
  9970 | D:9      | Reached skill level 5 in Necromancy
  9970 | D:9      | Reached skill level 5 in Translocations
  9970 | D:9      | Reached skill level 5 in Transmutations
  9970 | D:9      | Reached skill level 5 in Fire Magic
  9970 | D:9      | Reached skill level 5 in Ice Magic
  9970 | D:9      | Reached skill level 5 in Air Magic
  9970 | D:9      | Reached skill level 5 in Earth Magic
  9970 | D:9      | Reached skill level 5 in Poison Magic
 10078 | D:9      | Found Ecemonod's Gadget Boutique.
 10542 | D:10     | Entered Level 10 of the Dungeon
 10701 | D:10     | Noticed an unseen horror
 10723 | D:10     | Killed an unseen horror
 10723 | D:10     | Reached skill level 8 in Spellcasting
 11478 | D:10     | Noticed a centaur warrior
 11486 | D:10     | Killed a centaur warrior
 11734 | D:10     | Noticed Grum
 11749 | D:10     | Killed Grum
 11895 | D:10     | Noticed a death knight
 12284 | D:10     | Noticed a two-headed ogre
 12315 | D:10     | Killed a two-headed ogre
 12315 | D:10     | Reached skill level 9 in Summonings
 12315 | D:10     | Reached skill level 7 in Invocations
 12826 | D:10     | Killed a death knight
 12826 | D:10     | Reached skill level 8 in Dodging
 13035 | D:10     | Noticed a cyclops
 13409 | D:10     | Killed a cyclops
 13578 | D:10     | Noticed an unseen horror
 13604 | D:10     | Killed an unseen horror
 13673 | D:10     | Noticed a fire dragon
 13745 | Lair:1   | Entered Level 1 of the Lair of Beasts
 13757 | Lair:1   | Found a frozen archway.
 13815 | IceCv    | Entered an ice cave
 13848 | IceCv    | Reached skill level 8 in Stealth
 14341 | IceCv    | Reached XP level 12. HP: 88/88 MP: 24/24
 14606 | IceCv    | Reached skill level 7 in Fighting
 14606 | IceCv    | Reached skill level 7 in Short Blades
 14606 | IceCv    | Reached skill level 7 in Long Blades
 14606 | IceCv    | Reached skill level 7 in Axes
 14606 | IceCv    | Reached skill level 7 in Maces & Flails
 14606 | IceCv    | Reached skill level 7 in Polearms
 14606 | IceCv    | Reached skill level 7 in Staves
 14606 | IceCv    | Reached skill level 7 in Slings
 14606 | IceCv    | Reached skill level 7 in Bows
 14606 | IceCv    | Reached skill level 7 in Crossbows
 14606 | IceCv    | Reached skill level 7 in Throwing
 14606 | IceCv    | Reached skill level 7 in Armour
 14606 | IceCv    | Reached skill level 7 in Shields
 14606 | IceCv    | Reached skill level 7 in Unarmed Combat
 14606 | IceCv    | Reached skill level 7 in Evocations
 15184 | IceCv    | Noticed a death yak
 15184 | IceCv    | Noticed a death yak
 15250 | IceCv    | Killed a death yak
 15331 | IceCv    | Reached skill level 6 in Conjurations
 15331 | IceCv    | Reached skill level 6 in Hexes
 15331 | IceCv    | Reached skill level 6 in Necromancy
 15331 | IceCv    | Reached skill level 6 in Translocations
 15331 | IceCv    | Reached skill level 6 in Transmutations
 15331 | IceCv    | Reached skill level 6 in Fire Magic
 15331 | IceCv    | Reached skill level 6 in Ice Magic
 15331 | IceCv    | Reached skill level 6 in Air Magic
 15331 | IceCv    | Reached skill level 6 in Earth Magic
 15331 | IceCv    | Reached skill level 6 in Poison Magic
 15497 | IceCv    | Killed a death yak
 15663 | IceCv    | Noticed a frost giant
 15680 | IceCv    | Reached skill level 8 in Invocations
 15733 | IceCv    | Reached skill level 9 in Spellcasting
 16064 | IceCv    | HP: 3/90 [frost giant/bolt of cold (36)]
 16072 | IceCv    | Killed from afar by a frost giant

Illustrated notes

Levels and vault maps discovered:
D:1:      saegor_arrival_simple_c, layout_basic
D:2:      layout_loops_ring, chequers_ecumenical_altar_simple
D:3:      layout_loops_ring, uniq_sigmund
D:4:      layout_cave_pools, serial_rivers, chequers_serial_rivers_large_b,
          chequers_serial_rivers_micro_e, chequers_serial_rivers_micro_e,
          chequers_serial_rivers_micro_d, serial_shops, shop, uniq_edmund,
          uniq_blork_the_orc
D:5:      layout_rooms, nemelex_spade_bored_becter, uniq_duvessa
D:6:      layout_gridville, lemuel_coloured_pillars_altar,
          gammafunk_ghost_nasty_kobolds, uniq_eustachio
D:7:      layout_loops_cross, minmay_temple_entry_statues_pillars,
          gammafunk_ghost_hive
D:8:      layout_rooms, dpeg_lair_monsters, serial_shops, kennysheep_mini
D:9:      layout_big_octagon, serial_shops, shop_fountains, serial_gnoll_camp,
          gnoll_camp_mini_hut, gnoll_camp_medium_02, gnoll_camp_mini_sergeant,
          gnoll_camp_mini_loothouse, gnoll_camp_mini_house,
          gnoll_camp_huts_basic, dk_vineyard_1, minivault_22
D:10:     minmay_tri_box, layout_basic, special_room [special_room_orc],
          lemuel_flamethrower_2, uniq_grum
Lair:1:   layout_small_grid, portal_ice_cave_entry_imps, serial_bayou_shore_b,
          infiniplex_staircase_pool
IceCv:    ice_cave_caverns_01

Skill      XL: |  1  2  3  4  5  6  7  8  9 10 11 12 |
---------------+-------------------------------------+-----
Spellcasting   | 5 6 7 8 9 |  9.0
Invocations    | 1 2 3 4 5 6 7 8 |  8.0
Fighting       | 1 2 3 4 5 6 7 |  7.3
Short Blades   | 1 2 3 4 5 6 7 |  7.3
Long Blades    | 1 2 3 4 5 6 7 |  7.3
Axes           | 1 2 3 4 5 6 7 |  7.3
Maces & Flails | 1 2 3 4 5 6 7 |  7.3
Polearms       | 1 2 3 4 5 6 7 |  7.3
Staves         | 1 2 3 4 5 6 7 |  7.3
Slings         | 1 2 3 4 5 6 7 |  7.3
Bows           | 1 2 3 4 5 6 7 |  7.3
Crossbows      | 1 2 3 4 5 6 7 |  7.3
Throwing       | 1 2 3 4 5 6 7 |  7.3
Armour         | 1 2 3 4 5 6 7 |  7.3
Shields        | 1 2 3 4 5 6 7 |  7.3
Unarmed Combat | 1 2 3 4 5 6 7 |  7.3
Evocations     | 1 2 3 4 5 6 7 |  7.3
Conjurations   | 1 2 3 4 5 6 |  6.0
Hexes          | 1 2 3 4 5 6 |  6.0
Necromancy     | 1 2 3 4 5 6 |  6.0
Translocations | 1 2 3 4 5 6 |  6.0
Transmutations | 1 2 3 4 5 6 |  6.0
Fire Magic     | 1 2 3 4 5 6 |  6.0
Ice Magic      | 1 2 3 4 5 6 |  6.0
Air Magic      | 1 2 3 4 5 6 |  6.0
Earth Magic    | 1 2 3 4 5 6 |  6.0
Poison Magic   | 1 2 3 4 5 6 |  6.0
Dodging        | 5 6 7 8 |  8.7
Stealth        | 5 6 7 8 |  8.5
Summonings     | 8 9 |  9.4

Action                   |  1- 3 |  4- 6 |  7- 9 | 10-12 || total
-------------------------+-------+-------+-------+-------++-------
Melee: Club              |    14 |       |       |       ||    14
       Bite              |     3 |     6 |    11 |    61 ||    81
       Halberd           |    56 |    76 |   225 |   199 ||   556
       Spear             |       |       |       |   446 ||   446
       Morningstar       |       |       |       |    27 ||    27
Throw: Dart              |       |     2 |       |       ||     2
 Cast: Summon Small Mamm |    11 |     2 |     5 |     5 ||    23
       Call Canine Famil |     2 |     9 |    11 |    21 ||    43
       Call Imp          |       |     5 |    23 |    14 ||    42
       Summon Lightning  |       |       |     2 |    27 ||    29
       Summon Ice Beast  |       |       |       |    70 ||    70
Invok: Curse Item        |     1 |       |       |     3 ||     4
       Scrying           |       |       |       |     1 ||     1
 Abil: Evoke Invisibilit |       |       |       |     2 ||     2
Evoke: Wand              |       |       |     4 |     7 ||    11
  Use: Scroll            |     3 |     4 |     2 |     9 ||    18
       Potion            |       |       |       |     3 ||     3
 Stab: Sleeping          |     8 |     4 |    10 |     3 ||    25
       Distracted        |       |     1 |     4 |    16 ||    21
       Invisible         |       |       |       |     1 ||     1
Armor: Robe              |     4 |       |       |       ||     4
       Leather armour    |     1 |    14 |    21 |     6 ||    42
       Scale mail        |       |       |       |   162 ||   162
Dodge: Dodged            |    39 |    54 |   143 |   291 ||   527
Block: Kite shield       |       |       |       |   205 ||   205

Table legend: (Time is in decaauts)
 A = Elapsed time spent in this place.
 B = Non-inter-level travel time spent in this place.
 C = Inter-level travel time spent in this place.
 D = Time resting spent in this place.
 E = Time spent auto-exploring this place.
 F = Levels seen in this place.
 G = Mean time per level.
                   A        B        C        D        E       F      G
               +--------+--------+--------+--------+--------+-----+--------+
         Total |  16139 |  15275 |    864 |   2171 |   9798 |  12 | 1344.9 |
       Dungeon |  13867 |  13004 |    863 |   1568 |   8915 |  10 | 1386.7 |
          Lair |     74 |     74 |      0 |      0 |      0 |   1 |   74.0 |
      Ice Cave |   2197 |   2197 |      0 |    603 |    883 |   1 | 2197.0 |
               +--------+--------+--------+--------+--------+-----+--------+

Top non-repeatable levels by time:
    D:10: 2562 daAuts
   IceCv: 2197 daAuts
     D:9: 1948 daAuts
     D:6: 1771 daAuts
     D:3: 1494 daAuts
     D:8: 1425 daAuts
     D:7: 1305 daAuts
     D:4: 948 daAuts
     D:1: 920 daAuts
     D:2: 788 daAuts
     D:5: 701 daAuts
  Lair:1: 74 daAuts
